 Dungeon Crawl Stone Soup version 0.29-a0-22-gbf593b16ee (webtiles) character file.

Game seed: 1591435623704672485

79 horus123 the Magician (level 4, -5/31 HPs)
             Began as a Demonspawn Hedge Wizard on Jan 29, 2022.
             Killed from afar by an orc wizard (11 damage)
             ... with a puff of flame
             ... on level 3 of the Dungeon.
             The game lasted 00:07:01 (2782 turns).

horus123 the Magician (Demonspawn Hedge Wizard)     Turns: 2782, Time: 00:07:01

Health: -5/31      AC:  4    Str: 11    XL:     4   Next: 16%
Magic:  10/10      EV: 12    Int: 17    God:
Gold:   118        SH:  0    Dex: 12    Spells: 6/11 levels left

rFire   . . .      SeeInvis .   e - +1 short sword (flame)
rCold   . . .      Faith    .   (no shield)
rNeg    . . .      Spirit   .   b - +0 robe
rPois   .          Reflect  .   c - +0 hat
rElec   .          Harm     .   (no cloak)
rCorr   .          Rampage  .   (no gloves)
Will    .....                   (no boots)
Stlth   ++........              (no amulet)
HPRegen 0.10/turn               p - ring of flight
MPRegen 0.12/turn               (no ring)

@: flying
A: rugged brown scales 2
a: no special abilities


You were on level 3 of the Dungeon.
You visited 1 branch of the dungeon, and saw 3 of its levels.

You collected 118 gold pieces.

Inventory:

Hand Weapons
 a - a +0 dagger
 e - a +1 short sword of flaming (weapon)
 f - a +0 hand crossbow
Missiles
 g - 44 arrows
Armour
 b - a +0 robe (worn)
 c - a +0 hat (worn)
Jewellery
 p - a ring of flight (left hand)
Wands
 o - a wand of acid (8)
Potions
 j - 3 potions of resistance
 k - a potion of curing {unknown}
 m - a potion of invisibility {unknown}
 n - 2 potions of attraction


   Skills:
 - Level 1.7 Dodging
 - Level 1.7 Stealth
 - Level 4.0 Spellcasting
 - Level 2.0 Conjurations
 + Level 1.8 Hexes
 - Level 1.0 Summonings
 - Level 0.8 Translocations


You had 6 spell levels left.
You knew the following spells:

 Your Spells              Type           Power      Damage    Failure   Level
a - Magic Dart            Conj           40%        1d5       7%          1
b - Slow                  Hex            36%        N/A       8%          1
c - Tukima's Dance        Hex            9%         N/A       22%         3

Your spell library contained the following spells:

 Spells                   Type           Power      Damage    Failure   Level
 Call Imp                 Summ           6%         N/A       16%         2
 Blink                    Tloc           12%        N/A       17%         2
 Summon Guardian Golem    Hex/Summ       8%         N/A       26%         3
 Conjure Flame            Conj/Fire      6%         6-21      30%         3
 Mephitic Cloud           Conj/Pois/Air  5%         N/A       34%         3
 Passage of Golubria      Tloc           6%         N/A       73%         4
 Yara's Violent Unravell  Hex/Tmut       3%         3d4       97%         5
 Orb of Destruction       Conj           5%         9d5       100%        7
 Spellforged Servitor     Conj/Summ      4%         N/A       100%        7


Dungeon Overview and Level Annotations

Branches:
Dungeon (3/15)

Altars:


Innate Abilities, Weirdness & Mutations

You are mostly covered in rugged brown scales. (AC +2, +5% HP)


Message History

Aim: an orc wizard, wielding a +0 dagger and wearing a +0 robe (severely wounded, 100% to hit)
The magic dart hits the orc wizard.
The orc wizard is almost dead.
The orc wizard casts a spell at you.
You are confused.
You're too confused to cast spells.
Unknown command.
You're too confused to cast spells.
Unknown command.
You bump into the rock wall.
The orc wizard hits you with a +0 dagger.
* * * LOW HITPOINT WARNING * * *
You bump into the stone wall.
The orc wizard gestures at you while chanting.
The magic dart hits you.
* * * LOW HITPOINT WARNING * * *
You feel much better.
The orc wizard hits you but does no damage.
You bump into the rock wall.
The orc priest shouts!
The orc wizard hits you but does no damage.
You bump into the rock wall.
The orc wizard hits you with a +0 dagger.
You bump into the rock wall.
The orc wizard hits you but does no damage.
The orc priest invokes the aid of Beogh against you.
Beogh smites you!
* * * LOW HITPOINT WARNING * * *
Sorry, you're not good enough to have a special ability.
You're too confused to cast spells.
Unknown command.
You bump into the rock wall.
You feel less confused.
The orc wizard hits you with a +0 dagger.
* * * LOW HITPOINT WARNING * * *
You barely miss the orc wizard.
The orc wizard is almost dead.
The orc wizard points at you and mumbles some strange words.
The puff of flame hits you!
You die...

.#................
..########.####### #.#
#.## #.# ####..##
..ooo..#.### #≈≈≈#.≈##
.8o..8.#.##≈≈#≈≈≈#≈.≈#
.......#.##≈.#...#≈.≈#
..o..oo#.##≈....≈.≈≈≈##
.......#@##≈♣≈≈#≈.♣≈♣^#
.8...8.#o#...≈≈≈)≈≈.≈.#
.......#o#.≈≈≈≈.....≈.#
.......oo#.≈≈♣.≈.≈≈#≈.#
...........≈≈≈..≈.##≈.#
############..≈.≈.....#
####......## ##.....#
#.....#


You could see an orc priest, an orc wizard and 2 orcs.

Vanquished Creatures
  An adder (D:2)
  A worm (D:2)
  3 dart slugs (D:1)
  2 orcs (D:3)
  A ball python (D:1)
  4 endoplasms
  3 giant cockroaches
  5 goblins
  8 hobgoblins
  2 quokkas
  9 bats
  5 frilled lizards
  6 kobolds
  5 rats
55 creatures vanquished.

Notes
Turn   | Place    | Note
-------+----------+-------------------------------------------
     0 | D:1      | horus123 the Demonspawn Hedge Wizard began the quest for
                  | the Orb.
     0 | D:1      | Reached XP level 1. HP: 13/13 MP: 4/4
   512 | D:1      | Gained mutation: You are partially covered in rugged brown
                  | scales. (AC +1, +3% HP) [demonic ancestry]
   512 | D:1      | Reached XP level 2. HP: 8/19 MP: 1/6
   741 | D:1      | Learned a level 1 spell: Slow
   812 | D:1      | Reached skill level 1 in Hexes
  1130 | D:1      | Reached XP level 3. HP: 24/24 MP: 1/8
  1233 | D:2      | Learned a level 3 spell: Tukima's Dance
  1679 | D:2      | Reached skill level 4 in Spellcasting
  1980 | D:2      | Found a faded altar of an unknown god.
  2274 | D:3      | Gained mutation: You are mostly covered in rugged brown
                  | scales. (AC +2, +5% HP) [demonic ancestry]
  2274 | D:3      | Reached XP level 4. HP: 24/31 MP: 5/10
  2776 | D:3      | HP: 1/31 [orc wizard/magic dart (6)]
  2782 | D:3      | Killed from afar by an orc wizard

Illustrated notes

Levels and vault maps discovered:
D:1:      lemuel_arrival_behind_the_door_large, layout_rooms
D:2:      layout_rooms, shapermc_ecumenical_altar_pompeii
D:3:      cheibrodos_pilgrimage, layout_basic, serial_rivers,
          chequers_serial_rivers_marsh, chequers_serial_rivers_large_b,
          chequers_serial_rivers_micro_d, chequers_serial_rivers_micro_d

Skill      XL: |  1  2  3 |
---------------+----------+-----
Hexes          | 1 |  1.8
Conjurations   | 2 |  2.0
Spellcasting   | 4 |  4.0
Dodging        | |  1.7
Stealth        | |  1.7
Summonings     | |  1.0
Translocations | |  0.8

Action                   |  1- 3 |  4- 6 || total
-------------------------+-------+-------++-------
Melee: Short sword       |    48 |     9 ||    57
       Dagger            |     5 |       ||     5
       Punch             |       |     2 ||     2
 Cast: Magic Dart        |    86 |    20 ||   106
  Use: Scroll            |     6 |     2 ||     8
       Potion            |       |     2 ||     2
 Stab: Sleeping          |     1 |       ||     1
Armor: Robe              |    10 |     4 ||    14
Dodge: Dodged            |    36 |     6 ||    42

Table legend: (Time is in decaauts)
 A = Elapsed time spent in this place.
 B = Non-inter-level travel time spent in this place.
 C = Inter-level travel time spent in this place.
 D = Time resting spent in this place.
 E = Time spent auto-exploring this place.
 F = Levels seen in this place.
 G = Mean time per level.
                   A        B        C        D        E       F      G
               +--------+--------+--------+--------+--------+-----+--------+
         Total |   2786 |   2727 |     59 |    523 |   1742 |   3 |  928.7 |
       Dungeon |   2786 |   2727 |     59 |    523 |   1742 |   3 |  928.7 |
               +--------+--------+--------+--------+--------+-----+--------+

Top non-repeatable levels by time:
     D:1: 1230 daAuts
     D:2: 812 daAuts
     D:3: 743 daAuts
